 Dungeon Crawl Stone Soup version 0.14-a0-1626-g054e7ae (webtiles) character file.

6549 Mitsuki the Thaumaturge (level 10, -3/50 HPs)
             Began as a Deep Elf Conjurer on Dec 25, 2013.
             Was a Priest of Kikubaaqudgha.
             Slain by a reindeer (14 damage)
             ... on Level 1 of the Lair of Beasts.
             The game lasted 01:02:28 (8835 turns).

Mitsuki the Thaumaturge (Deep Elf Conjurer)         Turns: 8835, Time: 01:02:28

HP  -3/50        AC  5     Str  8      XL: 10   Next: 60%
MP  14/33        EV 17     Int 21      God: Kikubaaqudgha [***...]
Gold 375         SH  0     Dex 19      Spells:  7 memorised, 11 levels left

rFire  . . .     SeeInvis .     (no weapon)
rCold  . . .     Clarity  .     u - +2 robe {Archmagi}
rNeg   . . .     Conserve .     (no shield)
rPois  .         rCorr    .     (no helmet)
rElec  .         rRot     .     (no cloak)
SustAb . .       Spirit   .     i - +0 pair of gloves
rMut   .         Warding  .     (no boots)
Gourm  +         Stasis   .     n - amulet of the gourmand
                                g - +4 ring of dexterity
                                d - ring of regeneration

@: somewhat resistant to hostile enchantments, quite stealthy
A: no striking features
a: Receive Corpses, Renounce Religion


You were on level 1 of the Lair of Beasts.
You worshipped Kikubaaqudgha.
Kikubaaqudgha was most pleased with you.
You were not hungry.

You visited 2 branches of the dungeon, and saw 10 of its levels.

You collected 391 gold pieces.
You spent 16 gold pieces at shops.

Inventory:

Armour
 h - the +0 robe "Kaqong" {+Blink}
   (You found it on level 4 of the Dungeon)

   It lets you blink.
 i - a +0 pair of gloves (worn)
 u - a +2 robe of the Archmagi (worn)
Magical devices
 y - a wand of random effects (9)
 C - a wand of slowing (12)
Comestibles
 l - 6 bread rations
Scrolls
 b - a scroll of enchant weapon II
 e - 2 scrolls of fear
 f - 9 scrolls of identify
 j - 7 scrolls of remove curse
 o - 6 scrolls of teleportation
 s - a scroll of amnesia
 v - 2 scrolls of random uselessness {unknown}
 w - 2 scrolls of fog
 x - a scroll of recharging {unknown}
 z - a scroll of vulnerability {unknown}
 A - a scroll of immolation {unknown}
Jewellery
 d - a ring of regeneration (left hand)
 g - a +4 ring of dexterity (right hand)
 k - an uncursed ring of protection from fire
 n - an amulet of the gourmand (around neck)
 p - an uncursed ring of teleport control
 q - an uncursed ring of teleportation
 t - a cursed ring of fire
Potions
 r - 5 potions of curing
Books
 a - Kikubaaqudgha's Tome of Stolen Souls
   (Kikubaaqudgha gifted it to you on level 7 of the Dungeon)

   Spells                             Type                      Level
   Animate Skeleton                   Necromancy                   1
   Lethal Infusion                    Charms/Necromancy            2
   *Sublimation of Blood              Necromancy                   2
   *Vampiric Draining                 Necromancy                   3
   Control Undead                     Necromancy                   4
 c - a book of Conjurations

   Spells                             Type                      Level
   *Magic Dart                        Conjuration                  1
   Searing Ray                        Conjuration                  2
   Dazzling Spray                     Conjuration/Hexes            3
   *Iskenderun's Mystic Blast         Conjuration                  4
   *Iskenderun's Battlesphere         Conjuration/Charms           4
   Fulminant Prism                    Conjuration/Hexes            5
 F - Kikubaaqudgha's Collected Works on Dark Magic
   (Kikubaaqudgha gifted it to you on level 1 of the Lair of Beasts)

   Spells                             Type                      Level
   Agony                              Necromancy                   5
   *Dispel Undead                     Necromancy                   5
   *Twisted Resurrection              Necromancy                   5
   Simulacrum                         Ice/Necromancy               6
   Death Channel                      Necromancy                   6


   Skills:
 + Level 6.3 Dodging
 + Level 4.8 Stealth
 + Level 13.4 Spellcasting
 + Level 11.5 Conjurations
 - Level 0.4 Charms
 + Level 4.8 Necromancy


You had 11 spell levels left.
You knew the following spells:

 Your Spells              Type           Power        Failure   Level  Hunger
a - Magic Dart            Conj           ####         1%          1    None
b - Iskenderun's Battles  Conj/Chrm      ######..     4%          4    None
c - Iskenderun's Mystic   Conj           #######.     1%          4    None
d - Vampiric Draining     Necr           ######....   1%          3    None
e - Sublimation of Blood  Necr           ######....   1%          2    None
f - Dispel Undead         Necr           ######..     21%         5    ###....
g - Twisted Resurrection  Necr           ######....   21%         5    ###....


Dungeon Overview and Level Annotations

Branches:
Dungeon (8/16)             Temple (0/1) D:5            Lair (2/8) D:8

Altars:
Ashenzari
Elyvilon
Fedhas
Kikubaaqudgha
Makhleb
Nemelex Xobeh

Shops:
D:5 [   D:7 (


Message History

The reindeer is heavily wounded.
The orb of energy explodes!
The reindeer misses you.
Casting: Iskenderun's Mystic Blast
Confirm with . or Enter, or press ? or * to list all spells.
Aiming: Iskenderun's Mystic Blast
Press: ? - help, Shift-Dir - straight line, f/p - reindeer
Aim: a reindeer (heavily wounded)
You feel a surge of power!
The orb of energy hits the reindeer.
The reindeer is almost dead.
The orb of energy explodes!
The reindeer gores you!
* * * LOW HITPOINT WARNING * * *
Casting: Iskenderun's Mystic Blast
Confirm with . or Enter, or press ? or * to list all spells.
Aiming: Iskenderun's Mystic Blast
Press: ? - help, Shift-Dir - straight line, f/p - reindeer
Aim: a reindeer (almost dead)
You feel a surge of power!
The orb of energy misses the reindeer.
The reindeer gores you!
You die...
Kikubaaqudgha rasps: "You have failed me!
Welcome... death!"

≈ Y. ... ≈≈≈ P≈≈.. ..( ♣≈≈ ≈P≈≈≈.
..♣ ♣ ♣ ≈P≈P P.≈≈≈♣. ..♣ ♣{♣♣
≈P≈P.≈.≈..≈..≈.. ..♣♣≈ .≈ ..♣♣
................ ...♣≈≈.≈ f..♣
.........≈.≈.≈≈≈♣...♣♣≈.≈P #.# P
...≈≈.≈≈≈≈≈P♣♣≈## ♣≈.≈≈ #.#
###P≈≈≈≈≈≈P≈P♣≈%@.##♣♣≈.≈≈♣###.##
.##≈≈P≈P≈≈≈≈≈♣..Y.≈f≈♣≈.≈≈P≈##.##
.....♣♣♣ ♣♣......≈P≈≈.PP≈♣.....
.......♣♣♣♣♣.......≈≈≈P.≈≈≈≈.>...
.######............♣≈≈≈.P≈≈≈...##
.# ##.###....>..≈≈≈≈.≈≈≈≈...#. .#
#.# ###....P≈≈P≈.≈P≈.##.#. %##
#.# #.....##♣≈P.≈♣.###... ..# #.#
#.....# #≈≈.≈.....##.


You could see a reindeer.

Vanquished Creatures
  Harold (Lair:1)
  The ghost of M4edhros the Sneak, an experienced OpAr of Fedhas (D:7)
  A spiny frog (Lair:1)
  3 reindeers (Lair:1)
  2 sharks (Lair:1)
  Edmund (D:6)
  Menkaure (D:7)
  A hill giant skeleton (D:8)
  8 porcupines (D:8)
  An ice beast (D:6)
  An orc warrior (D:7)
  A giant goldfish (Lair:1)
  A black bear (Lair:1)
  2 phantoms
  3 crocodiles
  4 ogres
  2 centaurs
  A giant slug (D:8)
  A water moccasin (Lair:1)
  A komodo dragon zombie (D:8)
  2 jellyfish (Lair:1)
  5 killer bees (D:8)
  An electric eel (Lair:1)
  An orc priest (D:6)
  3 crimson imps
  4 iguanas
  A goliath beetle (D:7)
  A jelly (D:6)
  4 hounds
  2 giant frog skeletons
  3 orc wizards (D:6)
  3 worker ants (Lair:1)
  A scorpion (D:4)
  5 sheep
  A worker ant zombie (D:7)
  9 adders
  14 green rats
  A worm (D:3)
  An adder zombie (D:6)
  An iguana skeleton (D:8)
  An iguana zombie (D:6)
  2 giant eyeballs
  2 oozes (D:1)
  20 orcs
  A ball python (D:4)
  6 giant cockroaches
  12 hobgoblins
  9 jackals
  16 kobolds
  3 quokkas
  16 bats
  2 giant geckos
  4 giant newts
  A giant newt skeleton (D:4)
  11 goblins
  13 rats
  2 rat zombies (D:6)
  A macabre mass (Lair:1)
222 creatures vanquished.

Vanquished Creatures (others)
  A plant (D:6)
1 creature vanquished.

Grand Total: 223 creatures vanquished

Notes
Turn   | Place    | Note
--------------------------------------------------------------
     0 | D:1      | Mitsuki, the Deep Elf Conjurer, began the quest for the Orb.
     0 | D:1      | Reached XP level 1. HP: 10/10 MP: 5/5
   198 | D:1      | Reached XP level 2. HP: 15/15 MP: 4/8
   371 | D:1      | Reached skill level 5 in Conjurations
  1043 | D:2      | Found a white marble altar of Elyvilon.
  1050 | D:2      | Reached XP level 3. HP: 19/19 MP: 9/11
  1727 | D:3      | Reached XP level 4. HP: 18/24 MP: 8/14
  1926 | D:2      | Learned a level 4 spell: Iskenderun's Battlesphere
  1931 | D:2      | Learned a level 4 spell: Iskenderun's Mystic Blast
  2839 | D:3      | Reached skill level 6 in Conjurations
  3060 | D:4      | Reached XP level 5. HP: 28/28 MP: 13/18
  3061 | D:4      | Noticed a phantom
  3074 | D:4      | Killed a phantom
  3074 | D:4      | Reached skill level 5 in Spellcasting
  3270 | D:4      | Reached XP level 6. HP: 32/32 MP: 7/21
  3557 | D:4      | Got a shimmering robe
  3563 | D:4      | Identified the +0 robe "Kaqong" {+Blink} (You found it on level 4 of the Dungeon)
  3738 | D:5      | Entered Level 5 of the Dungeon
  3796 | D:5      | Found an ancient bone altar of Kikubaaqudgha.
  3822 | D:5      | Became a worshipper of Kikubaaqudgha
  3897 | D:5      | Found a staircase to the Ecumenical Temple.
  3971 | D:5      | Found a sparkling altar of Nemelex Xobeh.
  4172 | D:5      | Found Gaud's Antique Armour Shoppe.
  4175 | D:5      | Bought an embroidered robe for 16 gold pieces
  4200 | D:5      | Found a burning altar of Makhleb.
  4260 | D:5      | Reached skill level 7 in Conjurations
  4471 | D:5      | Paralysed by a giant eyeball for 2 turns
  4692 | D:6      | Reached XP level 7. HP: 36/36 MP: 2/24
  5375 | D:6      | Found a blossoming altar of Fedhas.
  5381 | D:6      | Noticed a necrophage
  5381 | D:6      | Noticed a necrophage
  5382 | D:6      | Noticed a necrophage
  5382 | D:6      | Noticed a necrophage
  5432 | D:6      | Noticed Edmund
  5439 | D:6      | Killed Edmund
  5439 | D:6      | Reached skill level 8 in Conjurations
  5655 | D:7      | Noticed M4edhros' ghost (experienced OpAr)
  5704 | D:7      | Killed M4edhros' ghost
  5704 | D:7      | Reached XP level 8. HP: 23/41 MP: 15/28
  5908 | D:7      | Reached skill level 9 in Conjurations
  5910 | D:7      | Acquired Kikubaaqudgha's first power
  5910 | D:7      | Received a gift from Kikubaaqudgha
  5911 | D:7      | Identified Kikubaaqudgha's Tome of Stolen Souls (Kikubaaqudgha gifted it to you on level 7 of the Dungeon)
  5917 | D:7      | Learned a level 3 spell: Vampiric Draining
  5920 | D:7      | Learned a level 2 spell: Sublimation of Blood
  6142 | D:7      | Found Unebeju's Weapon Shop.
  6339 | D:7      | Noticed Menkaure
  6358 | D:7      | Reached skill level 1 in Necromancy
  6490 | D:7      | Killed Menkaure
  6507 | D:7      | Reached XP level 9. HP: 36/45 MP: 24/30
  6620 | D:8      | Reached skill level 10 in Spellcasting
  6777 | D:8      | Reached skill level 10 in Conjurations
  7100 | D:8      | Reached skill level 5 in Dodging
  7102 | D:8      | Reached skill level 11 in Spellcasting
  7589 | D:8      | Acquired Kikubaaqudgha's second power
  7590 | D:8      | Upgraded the game from 0.14-a0-1613-gd720e3e to 0.14-a0-1626-g054e7ae
  7627 | D:8      | Found a staircase to the Lair.
  7717 | Lair:1   | Entered Level 1 of the Lair of Beasts
  7878 | Lair:1   | Reached skill level 12 in Spellcasting
  8052 | Lair:1   | Reached XP level 10. HP: 50/50 MP: 17/32
  8153 | Lair:1   | Found a shattered altar of Ashenzari.
  8244 | Lair:1   | Noticed Harold
  8254 | Lair:1   | Killed Harold
  8386 | Lair:1   | Received a gift from Kikubaaqudgha
  8387 | Lair:1   | Identified Kikubaaqudgha's Collected Works on Dark Magic (Kikubaaqudgha gifted it to you on level 1 of the Lair of Beasts)
  8395 | Lair:1   | Learned a level 5 spell: Dispel Undead
  8401 | Lair:1   | Learned a level 5 spell: Twisted Resurrection
  8491 | Lair:1   | Noticed a spiny frog
  8494 | Lair:1   | Killed a spiny frog
  8494 | Lair:1   | Reached skill level 13 in Spellcasting
  8835 | Lair:1   | Slain by a reindeer

Action                   |  1- 3 |  4- 6 |  7- 9 | 10-12 || total
-------------------------+-------+-------+-------+-------++-------
Melee: Unarmed           |       |       |     2 |       ||     2
 Cast: Magic Dart        |    88 |   116 |   149 |    25 ||   378
       Iskenderun's Myst |       |    25 |    97 |    40 ||   162
       Iskenderun's Batt |       |     4 |     6 |     2 ||    12
       Sublimation of Bl |       |       |    21 |    15 ||    36
       Twisted Resurrect |       |       |       |     1 ||     1
 Abil: Evoke Blink       |       |     4 |       |       ||     4
Evoke: Wand              |       |       |       |     2 ||     2
  Use: Potion            |     1 |     2 |     2 |     3 ||     8
       Scroll            |       |     8 |     6 |       ||    14
